 Dungeon Crawl Stone Soup version 0.21.1-1-g345015f (webtiles) character file.

119 erloom the Skirmisher (level 5, -1/34 HPs)
             Began as a Gargoyle Fighter on Mar 10, 2018.
             Killed from afar by Natasha (9 damage)
             ... with a wand of flame (25)
             ... on level 2 of the Dungeon.
             The game lasted 00:03:09 (1329 turns).

erloom the Skirmisher (Gargoyle Fighter)            Turns: 1329, Time: 00:03:10

Health: -1/34      AC: 10    Str: 25    XL:     5   Next: 3%
Magic:  5/5        EV:  7    Int:  9    God:
Gold:   67         SH:  9    Dex:  9    Spells: 4/4 levels left

rFire    . . .     SeeInvis .   a - +0 flail
rCold    . . .     Gourm    .   c - +0 shield
rNeg     + . .     Faith    .   b - +0 scale mail
rPois    ∞         Spirit   .   (no helmet)
rElec    +         Reflect  .   (no cloak)
rCorr    .         Harm     .   (no gloves)
MR       .....                  (no boots)
Stlth    ..........             (no amulet)
HPRegen  0.11/turn              (no ring)
MPRegen  0.09/turn              (no ring)

@: mighty
A: negative energy resistance 1, electricity resistance, unbreathing,
petrification resistance, rot immunity, AC +4
a: no special abilities


You were on level 2 of the Dungeon.
You were not hungry.

You visited 1 branch of the dungeon, and saw 2 of its levels.

You collected 67 gold pieces.

Inventory:

Hand Weapons
 a - a +0 flail (weapon)
Armour
 b - a +0 scale mail (worn)
 c - a +0 shield (worn)
Scrolls
 e - 3 scrolls of identify {unknown}
 h - a scroll of remove curse {unknown}
Potions
 g - a potion of magic {unknown}
 i - a potion of heal wounds {unknown}
 j - a potion of haste {unknown}
Comestibles
 f - 3 rations


   Skills:
 + Level 4.9 Fighting
 + Level 3.8 Maces & Flails
 - Level 3.2 Armour
 - Level 3.2 Shields


You had 4 spell levels left.
You didn't know any spells.

Dungeon Overview and Level Annotations

Branches:
Dungeon (2/15)

Altars:

Annotations:
D:2 Natasha


Innate Abilities, Weirdness & Mutations

You are resistant to torment.
Your stone body is resilient. (AC +4)
You are immune to poison.
You resist negative energy. (rN+)
You are resistant to electric shocks. (rElec)
You can survive without breathing.
You are immune to petrification.
You are immune to rotting.


Message History

k - 6 chunks of flesh (gained 1)
Things that are here:
a club; a kobold corpse You start resting.
Some of the chunks of flesh in your inventory have rotted away.
Eating one of 5 chunks of flesh.
You eat one of the 5 chunks of flesh.
This raw flesh tastes terrible.
Some of the chunks of flesh in your inventory have rotted away.
Natasha, Servant of Life and Death comes into view.
Some of the chunks of flesh in your inventory have rotted away.
You start resting.
All of the chunks of flesh in your inventory have rotted away.
Natasha hisses angrily.
Natasha zaps a wand.
The puff of flame hits you!
It is a wand of flame (26).
You closely miss Natasha.
Natasha zaps a wand.
The puff of flame hits you!
* * * LOW HITPOINT WARNING * * *
Sorry, you're not good enough to have a special ability.
You feel very mighty all of a sudden.
Natasha zaps a wand.
The puff of flame hits you!
You die...

######...#.#.# .#
#.. ..
######.#.#.#.##.#
.....
....##..........
..#.
...............
...
######....##..#
.. #...###..# .#
#...###..####.#
#...(((..)h...#
#..#####.##@###
#..# #.##.# .....
#.##....# #.###.
#.##.....# ... .
.....#...... ##
#.........##
###########


You could see Natasha.

Vanquished Creatures
  Natasha (twice) (D:2)
  An adder (D:2)
  2 oozes
  A worm (D:2)
  3 leopard geckos
  6 bats
  3 giant cockroaches
  2 goblins (D:1)
  6 hobgoblins
  6 jackals (D:2)
  5 kobolds
  4 frilled lizards
  4 rats (D:1)
45 creatures vanquished.

Notes
Turn   | Place    | Note
-------+----------+-------------------------------------------
     0 | D:1      | erloom the Gargoyle Fighter began the quest for the Orb.
     0 | D:1      | Reached XP level 1. HP: 14/14 MP: 1/1
    61 | D:1      | Reached XP level 2. HP: 16/19 MP: 2/2
   484 | D:1      | Reached skill level 4 in Fighting
   484 | D:1      | Reached XP level 3. HP: 24/24 MP: 3/3
  1051 | D:2      | Reached XP level 4. HP: 30/30 MP: 4/4
  1065 | D:2      | Noticed Natasha
  1082 | D:2      | Killed Natasha
  1132 | D:2      | Noticed Natasha
  1145 | D:2      | Killed Natasha
  1145 | D:2      | Reached XP level 5. HP: 3/34 MP: 5/5
  1290 | D:2      | Noticed Natasha
  1329 | D:2      | Killed from afar by Natasha

Skill      XL: |  1  2  3 |
---------------+----------+-----
Fighting       | 4 |  4.9
Maces & Flails | 3 |  3.8
Armour         | |  3.2
Shields        | |  3.2

Action                   |  1- 3 |  4- 6 || total
-------------------------+-------+-------++-------
Melee: Flail             |   163 |    40 ||   203
  Use: Potion            |       |     1 ||     1
  Eat: Chunk             |     1 |     1 ||     2
Armor: Scale mail        |   109 |    25 ||   134
Dodge: Dodged            |    58 |    13 ||    71
Block: Shield            |    97 |    19 ||   116
